AoeStats
← Fries

Arena

509936899Analyzed
3v3 RM · 4d ago on Sep 28, 2026· 68m 2s· 6 players
Game mode
Random Map
Map size
Normal (6 player)
Population
200
Speed
Normal
Resources
Standard
Victory
Conquest
Starting age
Dark Age
Ending age
Imperial Age
RankedLock teamsTeams togetherTeam positionsShared explorationLock speedFull tech treeHidden civsTurbo modeCheats
Victory
Defeat
🇩🇪 Romans · Germany
1710
+6
🇩🇪 Huns · Germany
1652
+8
🇩🇪 Celts · Germany
1512
+13
🇹🇼 Celts · Taiwan
1612
-14
🇦🇷 Bengalis · Argentina
1400
-7
🇹🇼 Saracens · Taiwan
1369
-6
Kuchen
11:00 Feudal Age
15:10 Castle Age
13:13 Horse Collar
14:01 Double-Bit Axe
15:22 Light Cavalry
17:41 Loom
18:15 Scale Barding Armor
19:31 Bloodlines
22:30 Bow Saw
28:24 Fletching
33:34 Heavy Plow
34:15 Wheelbarrow
39:02 Imperial Age
36:53 Forging
37:22 Gold Mining
38:16 Iron Casting
37:45 Husbandry
38:02 Hand Cart
38:37 Chain Barding Armor
39:18 Elite Tarkan
41:05 Blast Furnace
40:41 Plate Barding Armor
40:14 Marauders
40:35 Conscription
46:43 Two-Man Saw
45:52 Hussar
50:29 Coinage
55:15 Caravan
63:08 Atheism
66:07 Guilds
ENTON
9:58 Feudal Age
13:56 Castle Age
12:15 Double-Bit Axe
21:34 Bow Saw
23:37 Wheelbarrow
22:45 Horse Collar
23:27 Heavy Plow
26:39 Hand Cart
29:31 Imperial Age
27:58 Scale Mail Armor
28:08 Forging
28:42 Loom
29:11 Man-at-Arms
30:08 Chain Mail Armor
30:16 Squires
29:42 Capped Ram
31:08 Iron Casting
30:07 Long Swordsman
30:40 Siege Ram
31:34 Siege Engineers
31:41 Legionary
33:20 Crop Rotation
34:44 Blast Furnace
33:13 Onager
37:25 Scale Barding Armor
38:04 Conscription
38:24 Coinage
40:44 Chain Barding Armor
41:05 Ballistics
41:46 Chemistry
40:56 Masonry
40:54 Murder Holes
41:10 Fortified Wall
41:26 Fletching
42:12 Plate Barding Armor
45:32 Bloodlines
44:43 Light Cavalry
45:23 Husbandry
46:37 Architecture
46:04 Bodkin Arrow
53:57 Pikeman
54:44 Halberdier
61:59 Gold Mining
61:59 Stone Mining
64:40 Gold Shaft Mining
67:11 Banking
WhereIsMySheep
10:07 Feudal Age
8:48 Loom
10:34 Feudal Age
11:53 Double-Bit Axe
14:41 Castle Age
14:35 Scale Barding Armor
14:49 Horse Collar
19:37 Chain Barding Armor
20:52 Wheelbarrow
22:49 Hand Cart
22:38 Husbandry
22:44 Scale Mail Armor
22:57 Forging
22:58 Gold Mining
25:17 Bow Saw
25:09 Heavy Plow
30:22 Iron Casting
32:56 Imperial Age
31:06 Town Watch
32:04 Gold Shaft Mining
31:46 Fortified Wall
31:47 Masonry
32:21 Man-at-Arms
32:46 Gambesons
32:48 Arson
33:07 Scale Mail Armor
34:54 Blast Furnace
33:23 Cavalier
37:12 Long Swordsman
38:41 Chain Mail Armor
38:21 Two-Handed Swordsman
39:21 Champion
41:58 Plate Mail Armor
50:41 Ballistics
51:22 Chemistry
50:17 Fletching
50:56 Stone Mining
52:21 Bodkin Arrow
51:51 Onager
53:08 Furor Celtica
53:58 Hoardings
54:00 Siege Engineers
53:48 Siege Onager
60:50 Guilds
64:09 Town Patrol
67:14 Capped Ram
Fries
8:27 Loom
10:24 Feudal Age
11:33 Double-Bit Axe
14:41 Castle Age
20:15 Horse Collar
24:26 Wheelbarrow
27:32 Hand Cart
27:51 Bow Saw
28:47 Heavy Plow
28:57 Gold Mining
31:18 Gold Shaft Mining
34:14 Imperial Age
32:04 Scale Mail Armor
33:01 Chain Mail Armor
36:02 Forging
36:54 Ballistics
37:35 Chemistry
36:50 Heavy Scorpion
37:50 Siege Engineers
38:15 Onager
41:59 Conscription
42:25 Furor Celtica
43:45 Plate Mail Armor
43:49 Pikeman
46:31 Iron Casting
46:15 Arson
48:26 Blast Furnace
49:06 Town Watch
49:51 Scale Barding Armor
51:19 Halberdier
52:44 Gambesons
57:49 Elite Woad Raider
58:08 Capped Ram
65:36 Siege Onager
pasonnosap
11:14 Feudal Age
12:13 Double-Bit Axe
15:30 Fletching
16:01 Loom
17:03 Padded Archer Armor
19:08 Horse Collar
26:46 Wheelbarrow
27:07 Gold Mining
29:53 Castle Age
30:00 Crossbowman
30:37 Bodkin Arrow
30:20 Man-at-Arms
30:23 Pikeman
31:04 Squires
54:47 Husbandry
54:58 Bloodlines
56:34 Forging
56:31 Scale Barding Armor
57:52 Iron Casting
[TAIDA]= =
10:17 Feudal Age
14:33 Castle Age
12:34 Double-Bit Axe
15:27 Bow Saw
15:56 Wheelbarrow
15:28 Horse Collar
15:48 Town Watch
16:35 Loom
21:04 Fervor
22:56 Hand Cart
23:02 Heavy Plow
23:56 Gold Mining
28:59 Imperial Age
26:56 Fletching
27:07 Padded Archer Armor
27:38 Ballistics
28:13 Sanctity
28:01 Bodkin Arrow
29:07 Gold Shaft Mining
29:22 Leather Archer Armor
29:19 Stone Mining
29:52 Husbandry
30:04 Bloodlines
30:42 Bracer
30:41 Elite Elephant Archer
32:39 Chemistry
33:24 Ring Archer Armor
33:54 Onager
34:55 Paiks
35:10 Conscription
36:06 Light Cavalry
36:53 Scale Barding Armor
36:58 Forging
38:39 Mahayana
38:17 Elite Battle Elephant
39:18 Chain Barding Armor
40:57 Plate Barding Armor
40:57 Iron Casting
40:49 Siege Elephant
44:59 Blast Furnace
52:12 Fortified Wall
52:13 Masonry
63:28 Pikeman
64:08 Squires
63:54 Arson
64:24 Gambesons
65:42 Elite Skirmisher
Connection lost

Rejoining the realm…

Still unreachable

The connection could not be restored.

Session expired

The server has moved on; the page needs a fresh start.